 Dungeon Crawl Stone Soup version 0.28.0-43-g3370ac3207 (webtiles) character file.

Game seed: 11948118374600943484

2525 adizb the Skirmisher (level 9, -2/72 HPs)
             Began as a Demonspawn Fighter on Mar 8, 2022.
             Was a Follower of Makhleb.
             Slain by an orc warrior
             ... wielding a +0 halberd
              (15 damage)
             ... on level 7 of the Dungeon.
             The game lasted 00:31:19 (4207 turns).

adizb the Skirmisher (Demonspawn Fighter)           Turns: 4207, Time: 00:31:19

Health: -2/72      AC: 16    Str: 20    XL:     9   Next: 29%
Magic:  13/13      EV:  9    Int: 10    God:    Makhleb [*.....]
Gold:   239        SH:  5    Dex: 13    Spells: 8/8 levels left

rFire   . . .      SeeInvis .   r - +0 mace
rCold   . . .      Faith    .   c - +0 buckler
rNeg    . . .      Spirit   .   b - +0 scale mail
rPois   .          Reflect  .   m - +0 helmet
rElec   .          Harm     .   d - +0 cloak
rCorr   .          Rampage  .   (no gloves)
Will    .....                   s - +2 pair of boots
Stlth   ..........              (no amulet)
HPRegen 0.22/turn               B - ring of flight
MPRegen 0.13/turn               (no ring)

@: flying
A: molten scales 2, spiny 1, weakness stinger 2
a: Renounce Religion


You were on level 7 of the Dungeon.
You worshipped Makhleb.
Makhleb was aware of your devotion.
You visited 1 branch of the dungeon, and saw 7 of its levels.

You collected 239 gold pieces.

Inventory:

Hand Weapons
 a - a +0 flail
 j - a +1 dagger of venom
 r - a +0 mace (weapon)
Missiles
 g - 140 arrows
 h - 3 boomerangs (quivered)
 o - 38 bolts
 C - 4 atropa-tipped darts
Armour
 b - a +0 scale mail (worn)
 c - a +0 buckler (worn)
 d - a +0 cloak (worn)
 m - a +0 helmet (worn)
 s - a +2 pair of boots (worn)
 A - a +1 pair of gloves
Jewellery
 e - a ring of ice
 w - a ring of ice
 B - a ring of flight (left hand)
 D - a ring of wizardry
Wands
 n - a wand of charming (12)
 F - a wand of flame (6)
 G - a wand of polymorph (12)
Scrolls
 f - a scroll of vulnerability
 l - 6 scrolls of teleportation
 u - a scroll of immolation {unknown}
 x - a scroll of enchant armour {unknown}
 y - a scroll of amnesia
 E - a scroll of brand weapon {unknown}
 I - a scroll of noise {unknown}
Potions
 i - a potion of magic
 k - 3 potions of heal wounds {unknown}
 p - a potion of attraction {unknown}
 q - 3 potions of curing {unknown}
 t - a potion of brilliance
 v - 2 potions of flight {unknown}
 z - 3 potions of mutation {unknown}
Miscellaneous
 H - a lightning rod (4/4)


   Skills:
 + Level 7.4 Fighting
 * Level 5.9 Maces & Flails
 + Level 5.4 Armour
 + Level 5.5 Shields
 + Level 5.6 Invocations


You had 8 spell levels left.
You didn't know any spells.
Your spell library contained the following spells:

 Spells                   Type           Power      Damage    Failure   Level
 Static Discharge         Conj/Air       0%         N/A       89%         2
 Portal Projectile        Hex/Tloc       0%         N/A       98%         3
 Dispel Undead            Necr           0%         3d6       100%        4
 Sticky Flame             Conj/Fire      0%         2d3       100%        4
 Summon Lightning Spire   Summ/Air       0%         N/A       100%        4
 Blade Hands              Tmut           0%         N/A       100%        5
 Excruciating Wounds      Necr           0%         N/A       100%        5
 Storm Form               Tmut/Air       0%         N/A       100%        7
 Maxwell's Capacitive Co  Air            0%         ∞         100%        8


Dungeon Overview and Level Annotations

Branches:
Dungeon (7/15)             Temple (0/1) D:5

Altars:
Fedhas
Makhleb
Sif Muna
Xom
Zin

Shops:
D:2 [   D:5 =


Innate Abilities, Weirdness & Mutations

You are mostly covered in molten scales. (AC +3)
You are partially covered in sharp spines.
You have a tail ending in a sharp stinger.


Message History

The orc warrior closely misses you. The orc is struck by your spines.
You kill the orc!
Makhleb accepts your kill.
The orc priest calls upon Beogh to heal the orc warrior.
The orc warrior's wounds heal themselves!
The orc warrior closely misses you.
The orc priest invokes the aid of Beogh against you.
You struggle to resist.
Things that are here:
a +0 flail; 3 boomerangs; an orc corpse You hit the orc priest but do no damage.
The orc priest is poisoned.
The orc warrior hits you but does no damage.
The orc priest mumbles some strange prayers to Beogh against you.
Beogh smites you!
You hit the orc priest but do no damage.
The orc priest is lightly wounded.
The orc warrior barely misses you. You block the orc priest's attack.
The orc warrior barely misses you.
You hit the orc priest but do no damage.
The orc priest is moderately wounded.
The orc priest calls down the wrath of Beogh upon you.
Beogh smites you!
* * * LOW HITPOINT WARNING * * *
The orc warrior hits you with a +0 halberd.
* * * LOW HITPOINT WARNING * * *
Okay, then.
You hit the orc priest but do no damage.
The orc priest is moderately wounded.
The orc priest is struck by your spines.
The orc priest barely misses you. The orc warrior closely misses you.
Your +1 dagger of venom stops dripping with poison.
r - a +0 mace (weapon)
The orc priest looks braver for a moment.
You closely miss the orc priest. You tail-slap the orc priest.
The orc priest is almost dead.
You kill the orc priest!
Makhleb accepts your kill.
The orc warrior hits you with a +0 halberd!
You die...

######≈#########
#≈##≈≈≈##≈#
≈≈≈≈≈≈≈≈≈#########
###>.............
#......##########
##......#
#.......#####
#o..........#
#@####......# #)#
#......# #.#
#......# #.#
######## #.# #.#
#.# #.# #)#


You could see an orc warrior (very poisoned).

Vanquished Creatures
  Prince Ribbit (D:6)
  5 yaks (D:7)
  Edmund (D:5)
  2 water moccasins (D:5)
  An orc warrior (D:7)
  A black bear (D:4)
  A necrophage (D:7)
  2 ogres
  A centaur (D:6)
  A bullfrog (D:7)
  2 water moccasin zombies
  A water moccasin skeleton (D:6)
  A bullfrog zombie (D:6)
  A centaur zombie (D:7)
  An orc priest (D:7)
  A centaur skeleton (D:6)
  4 hounds (D:6)
  A jelly (D:7)
  Crazy Yiuf (D:2)
  A bullfrog skeleton (D:5)
  3 iguanas
  Terence (D:2)
  A hound skeleton (D:5)
  7 adders
  A white imp (D:6)
  An adder skeleton (D:4)
  2 worms (D:2)
  3 dart slugs (D:1)
  12 orcs
  4 ball pythons
  5 endoplasms
  4 giant cockroaches
  10 hobgoblins
  3 jackals (D:1)
  3 kobolds
  4 quokkas
  6 bats
  6 frilled lizards
  7 goblins
  2 rats
115 creatures vanquished.

Notes
Turn   | Place    | Note
-------+----------+-------------------------------------------
     0 | D:1      | adizb the Demonspawn Fighter began the quest for the Orb.
     0 | D:1      | Reached XP level 1. HP: 18/18 MP: 1/1
    93 | D:1      | Gained mutation: You are partially covered in molten
                  | scales. (AC +2) [demonic ancestry]
    93 | D:1      | Reached XP level 2. HP: 19/24 MP: 2/2
   307 | D:1      | Reached XP level 3. HP: 24/29 MP: 3/3
   919 | D:2      | Found a faded altar of an unknown god.
   980 | D:2      | Noticed Terence
   991 | D:2      | Killed Terence
   992 | D:2      | Gained mutation: You are partially covered in sharp spines.
                  | [demonic ancestry]
   992 | D:2      | Reached XP level 4. HP: 26/37 MP: 4/4
  1069 | D:2      | Found a runed translucent door.
  1070 | D:2      | Noticed Crazy Yiuf
  1092 | D:2      | Killed Crazy Yiuf
  1093 | D:2      | Reached skill level 4 in Fighting
  1372 | D:2      | Found Juruca's Antique Armour Emporium.
  1379 | D:2      | Gained mutation: You have a small tail. [demonic ancestry]
  1379 | D:2      | Reached XP level 5. HP: 38/42 MP: 5/5
  1679 | D:3      | Found a shimmering blue altar of Sif Muna.
  1681 | D:3      | Found a shimmering altar of Xom.
  2204 | D:4      | Found a blossoming altar of Fedhas.
  2257 | D:4      | Found a burning altar of Makhleb.
  2266 | D:4      | Became a worshipper of Makhleb the Destroyer
  2318 | D:4      | Noticed a black bear
  2333 | D:4      | Killed a black bear
  2391 | D:4      | Gained mutation: You are mostly covered in molten scales.
                  | (AC +3) [demonic ancestry]
  2391 | D:4      | Reached XP level 6. HP: 38/50 MP: 6/6
  2692 | D:5      | Entered Level 5 of the Dungeon
  2705 | D:5      | Noticed Edmund
  2707 | D:5      | Reached skill level 5 in Fighting
  2717 | D:5      | Killed Edmund
  2718 | D:5      | Reached skill level 1 in Invocations
  2723 | D:5      | Noticed a water moccasin
  2726 | D:5      | Killed a water moccasin
  2727 | D:5      | Gained mutation: You have a tail ending in a sharp stinger.
                  | [demonic ancestry]
  2727 | D:5      | Reached XP level 7. HP: 40/57 MP: 6/8
  2862 | D:5      | Reached skill level 6 in Fighting
  2931 | D:5      | Found Bitegier's Jewellery Shoppe.
  3106 | D:5      | Found a staircase to the Ecumenical Temple.
  3398 | D:6      | Reached XP level 8. HP: 65/65 MP: 10/10
  3438 | D:6      | Reached * piety under Makhleb
  3485 | D:6      | Noticed Prince Ribbit
  3554 | D:6      | Killed Prince Ribbit
  3805 | D:7      | Reached skill level 5 in Armour
  3805 | D:7      | Reached skill level 5 in Shields
  3834 | D:7      | Reached skill level 7 in Fighting
  3834 | D:7      | Reached skill level 5 in Maces & Flails
  3862 | D:7      | Reached skill level 5 in Invocations
  3873 | D:7      | Reached XP level 9. HP: 39/72 MP: 12/12
  4207 | D:7      | Slain by an orc warrior

Illustrated notes

Levels and vault maps discovered:
D:1:      minmay_arrival_wavy_path, layout_rooms, serial_park_tiny_2,
          minmay_pentomino_p4
D:2:      layout_loops_corners, hellmonk_ecumenical_altar_zigzags, serial_shops,
          nicolae_shop_hallway_plus, uniq_crazy_yiuf_cottage, uniq_terence
D:3:      layout_loops_ring, nicolae_overflow_hidden_temple
D:4:      layout_basic, bloody_makhleb, lemuel_doored_altar
D:5:      layout_cave_pools, minmay_temple_entry_statues_pillars, serial_shops,
          nicolae_inconvenience_store, hangedman_abyss_or_decor_stabs,
          minmay_crystal_water, uniq_edmund
D:6:      minmay_angry_zag, layout_cave_pools, uniq_prince_ribbit1
D:7:      layout_basic, eino_tiny_chamber, lightli_minifort

Skill      XL: |  1  2  3  4  5  6  7  8 |
---------------+-------------------------+-----
Maces & Flails | 2 3 5 |  5.9
Shields        | 3 4 5 |  5.5
Armour         | 3 4 5 |  5.4
Fighting       | 4 5 6 7 |  7.4
Invocations    | 2 3 5 |  5.6

Action                   |  1- 3 |  4- 6 |  7- 9 || total
-------------------------+-------+-------+-------++-------
Melee: Flail             |   146 |    74 |   112 ||   332
       Dagger            |     7 |    21 |    38 ||    66
       Tailslap          |       |     4 |    35 ||    39
       Mace              |       |     5 |    19 ||    24
Throw: Boomerang         |       |     8 |     3 ||    11
  Use: Potion            |       |     1 |       ||     1
       Scroll            |       |     3 |     2 ||     5
Armor: Scale mail        |    94 |    48 |    66 ||   208
Dodge: Dodged            |    74 |    41 |    68 ||   183
Block: Buckler           |    31 |    22 |    42 ||    95
